cohdb
Replays
Latest Replays
All Replays
Popular Replays
Top Player Replays
Match Explorer
How It Works
Community
CoH3 Stats
Reddit
Sign in to upload your games and track your stats! →
Sign in with Steam
Match 43882323
Unlisted
Match 43882323
Overview
Messages
Build Orders
End
Kradschützen Motorcycle Team
Selects Armored Support Battlegroup
250 Light Carrier
Panzergrenadier Squad
Construct Light Support Kompanie
Assault Grenadier Squad
Assault Grenadier Squad
Construct Mechanized Kompanie
Selects Superior Fire Drills
Panzerjäger Mechanized Group
8 Rad Armored Car
2.5-tonne Medical Truck
Support Armor Elements
Selects Flammpanzer III Medium Tank
Flammpanzer III Medium Tank
Panzerjäger Mechanized Group
Selects Salvage Kits
Flammpanzer III Medium Tank
Pak 38 Anti-tank Gun Team
Marder III Tank Destroyer
Pak 38 Anti-tank Gun Team
Selects Panzer Storm
Pak 38 Mechanized Group
Silly Goose
Rommel
Bran
DrewP
0
0
Comments
sign in to comment!
No comments posted yet!